 Dungeon Crawl Stone Soup version 0.20-a0-972-gb9bd3e6 (webtiles) character file.

320 HeyBub the Skirmisher (level 6, 0/58 HPs)
             Began as a Minotaur Monk on Apr 9, 2017.
             Slain by a big kobold (5 damage)
             ... on level 3 of the Dungeon.
             The game lasted 00:05:09 (2783 turns).

HeyBub the Skirmisher (Minotaur Monk)               Turns: 2783, Time: 00:05:10

Health: 0/58       AC:  2    Str: 18    XL:     6   Next: 22%
Magic:  5/5        EV: 15    Int:  7    God:
Gold:   125        SH:  0    Dex: 12    Spells: 5/5 levels left

rFire    . . .     SeeInvis +   c - +0 spear
rCold    . . .     Gourm    .   (no shield)
rNeg     . . .     Faith    .   a - +0 robe
rPois    .         Spirit   .   (helmet restricted)
rElec    .         Reflect  .   (no cloak)
rCorr    .         Harm     .   (no gloves)
MR       .....                  (no boots)
Stlth    +++.......             (no amulet)
Regen    0.2/turn               o - ring of see invisible
MPRegen  0.1/turn               (no ring)

@: no status effects
A: retaliatory headbutt, horns 2
a: no special abilities


You were on level 3 of the Dungeon.
You were very hungry.

You visited 1 branch of the dungeon, and saw 3 of its levels.

You collected 125 gold pieces.

Inventory:

Hand Weapons
 c - a +0 spear (weapon)
Armour
 a - a +0 robe (worn)
Jewellery
 o - a ring of see invisible (left hand)
Scrolls
 g - 4 scrolls of identify
 k - a scroll of fear {unknown}
 n - a scroll of teleportation {unknown}
Potions
 e - a potion of mutation
Books
 j - a book of Frost

   Spells                             Type                      Level
   a - Freeze                         Ice                          1
   b - Throw Frost                    Conjuration/Ice              2
   c - Ozocubu's Armour               Charms/Ice                   3
   d - Throw Icicle                   Conjuration/Ice              4
   e - Summon Ice Beast               Ice/Summoning                4
Comestibles
 b - 3 bread rations
 f - a meat ration


   Skills:
 + Level 6.3 Fighting
 + Level 5.7 Dodging
 + Level 5.0 Stealth


You had 5 spell levels left.
You didn't know any spells.

Dungeon Overview and Level Annotations

Branches:
Dungeon (3/15)

Altars:


Innate Abilities, Weirdness & Mutations

You reflexively headbutt those who attack you in melee.
You have a pair of horns on your head.


Message History

The hobgoblin barely misses you. You furiously retaliate!
You headbutt the hobgoblin. You barely miss the big kobold.
The big kobold is moderately wounded.
The big kobold hits you.
* * * LOW HITPOINT WARNING * * *
The hobgoblin hits you with a club.
* * * LOW HITPOINT WARNING * * *
The big kobold misses you. You furiously retaliate!
You headbutt the big kobold, but do no damage.
You hit the big kobold.
You headbutt the big kobold, but do no damage.
The big kobold is moderately wounded.
The big kobold hits you but does no damage.
The hobgoblin hits you but does no damage.
You hit the big kobold but do no damage.
You headbutt the big kobold.
The big kobold is moderately wounded.
The big kobold hits you.
You die...

##### ###############§§.#
.........((...#§@§#
.........(.().#ggK#
........).))).##g##
...########..)..K# ...#
#....Kg# ...########......#
..............##'#
..............#$$$
..............#$$$#≈≈≈≈≈≈≈≈≈#


You could see a big kobold, 2 gnolls and a hobgoblin.

Vanquished Creatures
  The ghost of Elysium the Cutter, an amateur MiAK of Lugonu (D:3)
  A hound (D:3)
  Crazy Yiuf (D:2)
  4 gnolls (D:3)
  3 adders (D:3)
  An ooze (D:1)
  5 worms
  2 dart slugs (D:1)
  2 leopard geckos
  An orc (D:3)
  6 giant cockroaches
  12 hobgoblins
  2 quokkas (D:3)
  A ball python (D:2)
  3 bats
  2 frilled lizards
  23 goblins
  8 kobolds
  5 rats
83 creatures vanquished.

Notes
Turn   | Place    | Note
-------+----------+-------------------------------------------
     0 | D:1      | HeyBub the Minotaur Monk began the quest for the Orb.
     0 | D:1      | Reached XP level 1. HP: 22/22 MP: 0/0
   155 | D:1      | Reached skill level 5 in Fighting
   264 | D:1      | Reached XP level 2. HP: 27/29 MP: 1/1
   916 | D:2      | Reached XP level 3. HP: 18/36 MP: 2/2
  1251 | D:2      | Found a runed door.
  1255 | D:2      | Noticed Crazy Yiuf
  1258 | D:2      | Killed Crazy Yiuf
  1258 | D:2      | Reached XP level 4. HP: 38/44 MP: 3/3
  1571 | D:3      | Reached skill level 5 in Dodging
  1590 | D:3      | Noticed Elysium's ghost (amateur MiAK)
  1889 | D:3      | Reached skill level 6 in Fighting
  1889 | D:3      | Reached XP level 5. HP: 23/50 MP: 4/4
  1962 | D:3      | Killed Elysium's ghost
  2179 | D:3      | Reached XP level 6. HP: 8/57 MP: 5/5
  2530 | D:3      | Reached skill level 5 in Stealth
  2783 | D:3      | Slain by a big kobold

Vault maps used:
D:1:      dpeg_arrival_line_fractal
D:2:      first_bread, uniq_crazy_yiuf_cottage
D:3:      minmay_goblin_kobold_castle, grunt_decor_cap, uniq_sigmund

Skill      XL: |  1  2  3  4  5  6 |
---------------+-------------------+-----
Fighting       | 5 6 |  6.3
Dodging        | 5 |  5.7
Stealth        | 4 5 |  5.0

Action                   |  1- 3 |  4- 6 || total
-------------------------+-------+-------++-------
Melee: Spear             |    76 |   152 ||   228
       Headbutt          |    13 |    26 ||    39
  Use: Potion            |       |     5 ||     5
       Scroll            |       |     4 ||     4
 Stab: Sleeping          |     8 |     3 ||    11
  Eat: Chunk             |       |     5 ||     5
Armor: Robe              |     3 |    12 ||    15
Dodge: Dodged            |    38 |   108 ||   146
